 Dungeon Crawl Stone Soup version 0.29.1-12-g30fa7ad0bf (webtiles) character file.

Game seed: 10775143082613691876

25 Groucho the Scratcher (level 2, -4/12 HPs)
             Began as a Felid Transmuter on Jan 8, 2023.
             Slain by a worm (10 damage)
             ... on level 2 of the Dungeon.
             The game lasted 00:01:41 (1620 turns).

Groucho the Scratcher (Felid Transmuter)            Turns: 1620, Time: 00:01:42

Health: -4/12      AC:  1    Str:  6    XL:     2   Next: 86%
Magic:  6/6        EV: 17    Int: 14    God:
Gold:   55         SH:  0    Dex: 16    Spells: 4/5 levels left
                                        Lives:  0   Deaths: 0

rFire   . . .      SeeInvis +     - Unarmed
rCold   . . .      Faith    .   (shield unavailable)
rNeg    . . .      Spirit   .   (body armour unavailable)
rPois   .          Reflect  .   (helmet unavailable)
rElec   .          Harm     .   (cloak unavailable)
rCorr   .          Rampage  .   (gloves unavailable)
Will    .....                   (boots unavailable)
Stlth   ++........              (no amulet)
HPRegen 0.04/turn               (no ring)
MPRegen 0.10/turn               (no ring)

@: quick
A: very small, claws 1, fangs 3, see invisible, speed 1, shaggy fur 1, stealthy
paws, no weapons or thrown items, no armour, multi-lived
a: no special abilities


You were on level 2 of the Dungeon.
You visited 1 branch of the dungeon, and saw 2 of its levels.

You collected 55 gold pieces.

Inventory:

Scrolls
 c - a scroll of teleportation {unknown}
 d - a scroll of butterflies {unknown}
 e - a scroll of magic mapping {unknown}
 f - a scroll of amnesia {unknown}
Potions
 a - 2 potions of lignification
 b - a potion of degeneration {unknown}


   Skills:
 + Level 1.2 Fighting
 + Level 3.0 Dodging
 * Level 2.0 Stealth
 + Level 3.2 Unarmed Combat
 + Level 2.2 Spellcasting
 + Level 2.4 Transmutations


You had 4 spell levels left.
You knew the following spells:

 Your Spells              Type           Power      Damage    Failure   Level
a - Beastly Appendage     Tmut           16%        N/A       9%          1

Your spell library contained the following spells:

 Spells                   Type           Power      Damage    Failure   Level
 Wereblood                Tmut           8%         N/A       13%         2
 Freeze                   Ice            4%         1d3       24%         1
 Spider Form              Tmut/Pois      4%         N/A       38%         3
 Frozen Ramparts          Ice            2%         1d1       56%         3
 Ice Form                 Ice/Tmut       4%         N/A       80%         4
 Hailstorm                Conj/Ice       1%         3d3       93%         4


Dungeon Overview and Level Annotations

Branches:
Dungeon (2/15)

Altars:


Innate Abilities, Weirdness & Mutations

You have sharp claws.
You have razor-sharp teeth.
You have supernaturally acute eyesight. (SInv)
You cover ground quickly. (Speed+)
You are covered in fur. (AC +1)
Your paws help you pounce on unaware monsters.
You are incapable of wielding weapons or throwing items.
You cannot wear armour.
You gain extra lives every three experience levels.


Message History

HP restored.
You pick up a book of Frost and begin reading...
You add the spells Freeze, Frozen Ramparts and Hailstorm to your library.
You open the door.
There is an open door here.
A ball python comes into view.
Found a scroll labelled LOFAEW JIRCHOKHUAH.
A ball python is nearby!
The ball python hisses angrily.
You scratch the ball python.
You kill the ball python!
No target in view!
No target in view!
f - a scroll labelled LOFAEW JIRCHOKHUAH A worm comes into view.
A worm is nearby!
Found 13 gold pieces and a ring mail.
Casting: Beastly Appendage (safe; 9% risk of failure)
Confirm with . or Enter, or press ? or * to list all spells.
You grow a pair of large bovine horns.
You claw the worm!
The worm is moderately wounded.
The worm closely misses you.
You scratch the worm. You bite the worm.
The worm is heavily wounded.
Your transformation is almost over.
You scratch the worm.
The worm is severely wounded.
You scratch the worm but do no damage. You headbutt the worm.
The worm is severely wounded.
You open the door.
Your horns disappear.
There is an open door here.
You scratch the worm.
The worm is severely wounded.
The worm bites you.
Ouch! That really hurt!
The worm bites you!
Ouch! That really hurt!
You die...

####'#.########.#.###.####
#......##.....#.#[##.[...#
#......##.....#'#.....##.#
#......##.)...........†.<#
#......##..............#.#
####+#.##..............# #
#.#.##.....#+#####..# #
###########.#.##..........##..#
#
...............w@.>..)....##..#
#
#.....#.......##..............#
#
......#......[##........#####.#
# #.....#.....†.##...###### #.#
# #.....#............# #.# #
#.$...#............# #.# #
#..[..#............# #.#
###..######+##.....### #.# ##.#
#........########.#


You could see a worm.

Vanquished Creatures
  A dart slug (D:1)
  3 ball pythons (D:2)
  5 endoplasms
  2 goblins (D:1)
  A hobgoblin (D:1)
  3 kobolds
  2 bats (D:1)
  5 rats
22 creatures vanquished.

Notes
Turn   | Place    | Note
-------+----------+-------------------------------------------
     0 | D:1      | Groucho the Felid Transmuter began the quest for the Orb.
     0 | D:1      | Reached XP level 1. HP: 9/9 MP: 4/4
   333 | D:1      | Reached skill level 1 in Stealth
   333 | D:1      | Reached XP level 2. HP: 12/12 MP: 4/6
  1620 | D:2      | Slain by a worm

Illustrated notes

Levels and vault maps discovered:
D:1:      dpeg_arrival_prison, layout_loops_ring
D:2:      layout_basic

Skill      XL: |  1  2 |
---------------+-------+-----
Stealth        | 1 2 |  2.0
Dodging        | 3 |  3.0
Fighting       | |  1.2
Unarmed Combat | |  3.2
Spellcasting   | |  2.2
Transmutations | |  2.4

Action                   || total
-------------------------++-------
Melee: Unarmed           ||    40
       Bite              ||     3
       Headbutt          ||     1
       Punch             ||     1
 Cast: Beastly Appendage ||     4
 Stab: Sleeping          ||     6
       Distracted        ||     1
Armor: Skin              ||     1
Dodge: Dodged            ||    17
